 Dungeon Crawl Stone Soup version 0.21.1-1-g345015fe64 (webtiles) character file.

9440 Gargoyl the Cleaver (level 11, -5/92 HPs)
             Began as a Centaur Abyssal Knight on June 30, 2018.
             Was a High Priest of Lugonu.
             Slain by a slime creature (13 damage)
             ... on level 9 of the Dungeon.
             The game lasted 00:20:06 (12889 turns).

Gargoyl the Cleaver (Centaur Abyssal Knight)       Turns: 12889, Time: 00:20:07

Health: -5/92      AC: 25    Str: 18    XL:     11   Next: 23%
Magic:  17/17      EV:  2    Int: 11    God:    Lugonu [*****.]
Gold:   616        SH:  4    Dex: 11    Spells: 10/10 levels left

rFire    + . .     SeeInvis +   a - +3 hand axe
rCold    . . .     Gourm    .   p - +0 buckler
rNeg     . . .     Faith    .   d - +0 plate armour
rPois    +         Spirit   .   (no helmet)
rElec    .         Reflect  .   (no cloak)
rCorr    .         Harm     .   h - +0 pair of gloves
MR       .....                  e - +3 centaur barding {rF+}
Stlth    ..........             (no amulet)
HPRegen  0.25/turn              O - +2 ring of strength
MPRegen  0.15/turn              w - ring of see invisible

@: very quick
A: large, hooves 3, iridescent scales 1, molten scales 1, deformed body, speed
2, poison resistance, tough skin 3
a: Depart the Abyss, Bend Space, Banish, Corrupt, Enter the Abyss, Renounce
Religion


You were on level 9 of the Dungeon.
You worshipped Lugonu.
Lugonu was extremely pleased with you.
You were not hungry.

You visited 2 branches of the dungeon, and saw 11 of its levels.
You visited the Abyss 1 time.
You also visited: Sewer.

You collected 706 gold pieces.
You spent 90 gold pieces at shops.

Inventory:

Hand Weapons
 a - a +3 hand axe (weapon)
Missiles
 t - 6 javelins (quivered)
Armour
 d - a +0 plate armour (worn)
 e - a +3 centaur barding of fire resistance (worn)
 h - a +0 pair of gloves (worn)
 p - a +0 buckler (worn)
Jewellery
 f - an uncursed ring of protection from cold
 o - an uncursed ring of fire
 w - a ring of see invisible (right hand)
 F - an uncursed ring of protection from fire
 J - an uncursed ring of resist corrosion
 O - a +2 ring of strength (left hand)
Wands
 b - a wand of random effects (9)
 g - a wand of polymorph (12)
 q - a wand of digging (12)
 u - a wand of clouds (9)
 x - a wand of iceblast (7)
 y - a wand of flame (42)
 B - a wand of enslavement (26)
 H - a wand of disintegration (16)
Scrolls
 m - 3 scrolls of fear
 n - 4 scrolls of remove curse
 r - 4 scrolls of teleportation
 A - 3 scrolls of amnesia
 D - a scroll of identify
 M - a scroll of fog
Potions
 i - 2 potions of lignification
 j - 3 potions of curing
 k - a potion of mutation
 l - 4 potions of cancellation
 s - a potion of heal wounds {unknown}
 v - 2 potions of berserk rage
 z - 3 potions of haste
 C - a potion of agility {unknown}
 E - a potion of magic {unknown}
 G - 2 potions of brilliance
Books
 I - a book of Clouds

   Spells                             Type                      Level
   a - Poisonous Vapours              Poison/Air                   2
   b - Mephitic Cloud                 Conjuration/Poison/Air       3
   c - Conjure Flame                  Conjuration/Fire             3
   d - Freezing Cloud                 Conjuration/Ice/Air          6
   e - Ring of Flames                 Charms/Fire                  7
 K - a Young Poisoner's Handbook

   Spells                             Type                      Level
   a - Sting                          Conjuration/Poison           1
   b - Poisonous Vapours              Poison/Air                   2
   c - Mephitic Cloud                 Conjuration/Poison/Air       3
   d - Olgreb's Toxic Radiance        Poison                       4
   e - Venom Bolt                     Conjuration/Poison           5
 L - a book of Party Tricks

   Spells                             Type                      Level
   a - Summon Butterflies             Summoning                    1
   b - Apportation                    Translocation                1
   c - Lesser Beckoning               Translocation                3
   d - Tukima's Dance                 Hexes                        3
   e - Alistair's Intoxication        Transmutation/Poison         5
   f - Invisibility                   Hexes                        6
Comestibles
 c - 15 rations


   Skills:
 + Level 7.0 Fighting
 + Level 9.3 Axes
 + Level 1.1 Throwing
 * Level 8.0 Armour
 + Level 1.5 Dodging
 + Level 2.6 Shields
 * Level 8.0 Invocations
 + Level 0.1 Evocations


You had 10 spell levels left.
You didn't know any spells.

Dungeon Overview and Level Annotations

Branches:
Dungeon (10/15)            Temple (0/1) D:7            Lair (1/6) D:8
    Orc: D:9-12

Altars:
Ashenzari
Cheibriados
Dithmenos
Gozag
Hepliaklqana
Makhleb
Nemelex Xobeh
Qazlal
Sif Muna
Trog
Vehumet
Xom
Zin
The Shining One


Innate Abilities, Weirdness & Mutations

You have hooves in place of feet.
Armour fits poorly on your strangely shaped body.
You cover ground very quickly.
You have extremely tough skin. (AC +3)
You are partially covered in iridescent scales. (AC +2)
You are partially covered in molten scales. (AC +2)
Your system is resistant to poisons. (rPois)


Message History

You slash the slime creature! The slime creature hits you.
* * * LOW HITPOINT WARNING * * *
The slime creature hits you.
* * * LOW HITPOINT WARNING * * *
Unknown command.
You hit the slime creature. You kick the slime creature!
The slime creature is almost dead.
You hit the slime creature.
Unknown command.
You hit the slime creature.
The slime creature is almost dead.
You hit the slime creature. The slime creature hits you.
* * * LOW HITPOINT WARNING * * *
The slime creature hits you!
* * * LOW HITPOINT WARNING * * *
Unknown command.
You feel better. The slime creature hits you.
* * * LOW HITPOINT WARNING * * *
The slime creature hits you!
You die...

.............#####
.............#
...(.........#
.............#
.............#
...#'###.....######
...#...##+###.....#
...#........#..>J.#
...#........#..J@.#
...######...#.....#
'#......#...'.....#
.#......#...#.....#
.#......#...#.....#
.#......##+##.....#
.#......#...+.....#
.#......'...#.....#
.#......#...#.....#


You could see 2 slime creatures.

Vanquished Creatures
  A two-headed ogre (D:9)
  An unseen horror (D:10)
  A black mamba (Lair:1)
  A centaur skeleton (D:10)
  A rime drake (Lair:1)
  A slime creature (D:9)
  3 hippogriffs
  A wyvern (D:9)
  A steam dragon (D:10)
  3 yaks (D:10)
  2 hungry ghosts
  A water moccasin (D:8)
  Purgy (Sewer)
  An orc warrior (D:8)
  7 sky beasts
  3 ice beasts
  A phantom (D:8)
  A necrophage (D:8)
  4 ogres
  5 boggarts (D:10)
  3 centaurs
  A big kobold (D:7)
  11 bullfrogs
  2 wyvern zombies
  A gnoll sergeant (D:7)
  4 scorpions
  2 howler monkeys
  3 crimson imps
  3 jellies
  A centaur zombie (D:7)
  7 hounds
  8 orc wizards
  7 orc priests
  5 bullfrog skeletons
  Ijyb (D:5)
  2 iguanas
  8 worker ants
  A hound skeleton (D:8)
  A worker ant zombie (D:6)
  A howler monkey skeleton (D:5)
  10 gnolls
  13 adders
  4 shadow imps
  2 oozes
  An adder skeleton (D:5)
  An adder zombie (D:6)
  2 worms
  2 dart slugs
  5 leopard geckos
  32 orcs
  7 giant cockroaches
  7 goblins
  14 hobgoblins
  6 jackals
  5 quokkas
  3 ball pythons
  12 bats
  8 frilled lizards
  A hobgoblin zombie (D:4)
  12 kobolds
  A kobold zombie (D:4)
  An orc skeleton (D:4)
  An orc zombie (D:4)
  A quokka skeleton (D:5)
  6 rats
269 creatures vanquished.

Vanquished Creatures (collateral kills)
  An ogre (D:10)
1 creature vanquished.

Vanquished Creatures (others)
  A two-headed ogre (D:8)
1 creature vanquished.

Grand Total: 271 creatures vanquished

Notes
Turn   | Place    | Note
-------+----------+-------------------------------------------
     0 | Abyss:1  | Gargoyl the Centaur Abyssal Knight began the quest for the Orb.
     0 | Abyss:1  | Reached XP level 1. HP: 19/19 MP: 2/2
    70 | Abyss:1  | Noticed a red very ugly thing
   110 | Abyss:2  | Identified a scroll of acquirement
   201 | Abyss:3  | Noticed a worldbinder
   202 | D:1      | Escaped the Abyss
   253 | D:1      | Reached skill level 2 in Axes
   461 | D:1      | Reached XP level 2. HP: 25/26 MP: 3/3
   931 | D:1      | Reached XP level 3. HP: 30/31 MP: 4/4
  1032 | D:1      | Reached * piety under Lugonu
  1297 | D:2      | Found an opulent altar of Gozag.
  1991 | D:3      | Reached XP level 4. HP: 38/38 MP: 6/6
  2237 | D:3      | Reached XP level 5. HP: 29/45 MP: 7/7
  2522 | D:3      | Reached ** piety under Lugonu
  2530 | D:3      | Found Zin's Purification Station.
  2537 | D:3      | Found a glowing silver altar of Zin.
  2545 | D:3      | Bought a potion of curing for 90 gold pieces
  2583 | D:3      | Found a deep blue altar of Sif Muna.
  2981 | D:3      | Found a bloodstained altar of Trog.
  3109 | D:4      | Reached skill level 3 in Axes
  3146 | D:4      | Found a glowing golden altar of the Shining One.
  3232 | D:4      | Noticed an ogre
  3244 | D:4      | Killed an ogre
  3244 | D:4      | Reached XP level 6. HP: 29/52 MP: 8/8
  3840 | D:5      | Entered Level 5 of the Dungeon
  3881 | D:5      | Noticed Ijyb
  3881 | D:5      | Noticed a sky beast
  3901 | D:5      | Killed Ijyb
  3921 | D:5      | Killed a sky beast
  3921 | D:5      | Reached XP level 7. HP: 27/59 MP: 10/10
  4042 | D:5      | Reached skill level 4 in Axes
  4067 | D:5      | Reached *** piety under Lugonu
  4103 | D:5      | Found a hazy altar of Hepliaklqana.
  4105 | D:5      | Found a stormy altar of Qazlal.
  4105 | D:5      | Found a shimmering altar of Xom.
  4359 | D:5      | Found a glowing drain.
  4384 | Sewer    | Entered a sewer
  4522 | Sewer    | Noticed Purgy
  4536 | Sewer    | Killed Purgy
  4536 | Sewer    | Reached skill level 1 in Shields
  4878 | D:5      | Found a shattered altar of Ashenzari.
  4934 | D:4      | Reached skill level 5 in Axes
  4945 | D:4      | Reached XP level 8. HP: 65/67 MP: 11/11
  5208 | D:5      | Reached **** piety under Lugonu
  5320 | D:5      | Found a burning altar of Makhleb.
  5322 | D:5      | Noticed an Executioner
  5495 | D:6      | Reached skill level 5 in Invocations
  5823 | D:6      | Reached skill level 5 in Fighting
  5823 | D:6      | Reached skill level 6 in Axes
  5959 | D:6      | Found a radiant altar of Vehumet.
  6220 | D:6      | Found a snail-covered altar of Cheibriados.
  6347 | D:6      | Reached skill level 5 in Armour
  6376 | D:7      | Reached XP level 9. HP: 26/74 MP: 13/13
  7188 | D:7      | Reached skill level 1 in Dodging
  7188 | D:7      | Reached ***** piety under Lugonu
  7188 | D:7      | Reached skill level 7 in Axes
  7490 | D:7      | Found a staircase to the Ecumenical Temple.
  8732 | D:8      | Found a sparkling altar of Nemelex Xobeh.
  8932 | D:8      | Found a staircase to the Lair.
  8981 | D:8      | Reached XP level 10. HP: 37/83 MP: 14/14
  9543 | D:8      | Noticed a two-headed ogre
  9553 | D:8      | Banished a two-headed ogre
  9553 | D:8      | Reached skill level 8 in Axes
  9773 | Lair:1   | Entered Level 1 of the Lair of Beasts
 10113 | Lair:1   | Gained mutation: You are partially covered in iridescent scales. (AC +2) [potion of mutation]
 10113 | Lair:1   | Gained mutation: You are partially covered in molten scales. (AC +2) [potion of mutation]
 10113 | Lair:1   | Gained mutation: Your system is resistant to poisons. (rPois) [potion of mutation]
 10147 | Lair:1   | Noticed a black mamba
 10184 | Lair:1   | Killed a black mamba
 10684 | D:9      | Noticed a two-headed ogre
 10694 | D:9      | Killed a two-headed ogre
 10694 | D:9      | Reached skill level 1 in Throwing
 10879 | D:9      | Found a shadowy altar of Dithmenos.
 11341 | D:10     | Entered Level 10 of the Dungeon
 11551 | D:10     | Noticed an unseen horror
 11596 | D:10     | Killed an unseen horror
 11596 | D:10     | Reached skill level 9 in Axes
 11596 | D:10     | Reached XP level 11. HP: 29/91 MP: 16/16
 12888 | D:9      | HP: 3/92 [slime creature (7)]
 12889 | D:9      | Slain by a slime creature

Skill      XL: |  1  2  3  4  5  6  7  8  9 10 11 |
---------------+----------------------------------+-----
Axes           | 2 3 5 6 7 9 |  9.3
Invocations    | 3 4 5 6 7 8 |  8.0
Armour         | 2 3 4 5 6 7 8 |  8.0
Fighting       | 4 5 6 7 |  7.0
Shields        | 1 2 |  2.6
Dodging        | 1 |  1.5
Throwing       | 1 |  1.1
Evocations     | |  0.1

Action                   |  1- 3 |  4- 6 |  7- 9 | 10-12 || total
-------------------------+-------+-------+-------+-------++-------
Melee: Hand axe          |   137 |   186 |   496 |   376 ||  1195
       Kick              |    23 |    33 |    96 |   120 ||   272
Throw: Javelin           |       |       |    12 |     4 ||    16
Invok: Depart the Abyss  |     1 |       |       |       ||     1
       Banish            |       |       |       |     1 ||     1
Evoke: Wand              |       |     4 |       |       ||     4
  Use: Scroll            |    10 |     2 |     6 |     6 ||    24
       Potion            |       |       |     5 |     2 ||     7
  Eat: Chunk             |     2 |     5 |     8 |     5 ||    20
       Ration            |       |       |     4 |     5 ||     9
Armor: Plate armour      |   185 |   248 |   554 |   335 ||  1322
       Skin              |       |       |    11 |       ||    11
Dodge: Dodged            |     5 |     6 |    22 |    28 ||    61
Block: Buckler           |       |    20 |    84 |    69 ||   173
